 Dungeon Crawl Stone Soup version 0.27-a0-1456-gf5a1169 (webtiles) character file.

Game seed: 3887655986794939837

2 Meow the Charlatan (level 1, 11/16 HPs)
             Began as a Ghoul Artificer on July 5, 2021.
             Quit the game on level 1 of the Dungeon.
             The game lasted 00:00:40 (41 turns).

Meow the Charlatan (Ghoul Artificer)                  Turns: 41, Time: 00:00:41

Health: 11/16      AC:  3    Str: 15    XL:     1   Next: 30%
Magic:  0/0        EV: 11    Int:  6    God:
Gold:   0          SH:  0    Dex:  9    Spells: 0/0 levels left

rFire    . . .     SeeInvis .   a - +0 club
rCold    + . .     Faith    .   (no shield)
rNeg     + + +     Spirit   .   b - +0 leather armour
rPois    ∞         Reflect  .   (no helmet)
rElec    .         Harm     .   (no cloak)
rCorr    .         Rampage  .   (no gloves)
Will     .....                  (no boots)
Stlth    +.........             (no amulet)
HPRegen  0.05/turn              (no ring)
MPRegen  0.07/turn              (no ring)

@: no status effects
A: claws 1, cold resistance 1, negative energy resistance 3, inhibited
regeneration, torment resistance 2
a: no special abilities


You were on level 1 of the Dungeon.
You visited 1 branch of the dungeon, and saw 1 of its levels.

Inventory:

Hand Weapons
 a - a +0 club (weapon)
Armour
 b - a +0 leather armour (worn)
Wands
 c - a wand of flame (15) (quivered)
 d - a wand of charming (15)
Miscellaneous
 e - a piece from Xom's chessboard (12/15)


   Skills:
 + Level 1.1 Fighting
 + Level 1.7 Armour
 + Level 0.8 Dodging
 + Level 1.1 Stealth
 + Level 2.8 Evocations


You couldn't memorise any spells.
You didn't know any spells.
Your spell library was empty.

Dungeon Overview and Level Annotations

Branches:
Dungeon (1/15)

Altars:


Innate Abilities, Weirdness & Mutations

You thrive by killing the living.
You are immune to poison.
You have sharp fingernails.
Your flesh is cold resistant. (rC+)
You are immune to negative energy. (rN+++)
You do not regenerate when monsters are visible.
You are immune to unholy pain and torment.


Message History

Will you be the one to retrieve the legendary Orb of Zot from the depths?
Press ? for a list of commands and other information.
Found a staircase leading out of the dungeon.
Unknown command.
Found an escape hatch in the floor.
There is an escape hatch in the floor here.
Found 19 stones.
A frilled lizard comes into view.
The frilled lizard hisses angrily.
You make a move on Xom's chessboard...
The frilled lizard struggles to resist.
You make a move on Xom's chessboard...
The frilled lizard flickers and vanishes!
Deactivating autopickup; reactivate with Ctrl-A.
You can't see anything.
Try to make a move anyway? [Y]es or [N]o only, please.
You can't see anything.
Try to make a move anyway?
Okay, then.
Unknown command.
You can't see anything.
Try to make a move anyway? [Y]es or [N]o only, please.
You can't see anything.
Try to make a move anyway?
You make a move on Xom's chessboard...
Nothing appears to happen.
An endoplasm comes into view.
You barely miss something. Something bites you.
You closely miss something.
The endoplasm quivers.
Something bites you.
You hit something but do no damage.
Something bites you but does no damage. x2
Your leather armour prevents you from hitting something.
Something bites you.
You hit something.
Reactivating autopickup.
You feel a bit more experienced.
You hit the endoplasm.
The endoplasm is heavily wounded.
The endoplasm freezes you.
You are frozen.
You resist.
You hit the endoplasm.
You kill the endoplasm!
Are you sure you want to abandon this character and quit the game? (Confirm with "yes".)

...... .....
#.... #...####
#......
#....###### ###
#....##.#.# ###<#
#(....#...###..##
##@#...........#
#.#..........##
#.#..###.##...##
#.#.## #######>#
#...# ### #.###
###


There were no monsters in sight!

Vanquished Creatures
  An endoplasm (D:1)
  A frilled lizard (D:1)
2 creatures vanquished.

Notes
Turn   | Place    | Note
-------+----------+-------------------------------------------
     0 | D:1      | Meow the Ghoul Artificer began the quest for the Orb.
     0 | D:1      | Reached XP level 1. HP: 16/16 MP: 0/0
    41 | D:1      | Quit the game

Illustrated notes

Levels and vault maps discovered:
D:1:      minmay_arrival_jagged, layout_basic, st_stairs_7,
          minmay_misc_feat_four_crosses

Action                   || total
-------------------------++-------
Melee: Club              ||     7
Evoke: Piece from Xom's  ||     3
Armor: Leather armour    ||     2

Table legend: (Time is in decaauts)
 A = Elapsed time spent in this place.
 B = Non-inter-level travel time spent in this place.
 C = Inter-level travel time spent in this place.
 D = Time resting spent in this place.
 E = Time spent auto-exploring this place.
 F = Levels seen in this place.
 G = Mean time per level.
                   A        B        C        D        E       F      G
               +--------+--------+--------+--------+--------+-----+--------+
         Total |     43 |     43 |      0 |      0 |     25 |   1 |   43.0 |
       Dungeon |     43 |     43 |      0 |      0 |     25 |   1 |   43.0 |
               +--------+--------+--------+--------+--------+-----+--------+

Top non-repeatable levels by time:
     D:1: 43 daAuts
